 Dungeon Crawl Stone Soup version 0.24-a0-3-g5a199981cb (webtiles) character file.

Game seed: 15442318303243178400

138318 Vire the Executioner (level 16, -7/155 HPs)
             Began as a Minotaur Berserker on Jan 30, 2019.
             Was the Champion of Trog.
             Blown up by an orb spider (25 damage)
             ... with an orb of destruction
             ... on level 4 of the Spider Nest.
             The game lasted 01:11:21 (29961 turns).

Vire the Executioner (Minotaur Berserker)          Turns: 29961, Time: 01:11:22

Health: -7/155     AC: 25    Str: 35    XL:     16   Next: 71%
Magic:  15/15      EV: 36    Int:  6    God:    Trog [******]
Gold:   2734       SH:  0    Dex: 13    Spells: 15/15 levels left

rFire    + . .     SeeInvis .   R - +5 executioner's axe (elec)
rCold    + + .     Gourm    .   (shield currently unavailable)
rNeg     . . .     Faith    .   H - +0 plate armour of Divine Intervention {rPois Str-4 Int+2} (curse)
rPois    +         Spirit   .   S - +2 hat
rElec    .         Reflect  .   u - scarf {rC+ rF+}
rCorr    .         Harm     .   g - +2 pair of gloves {Str+3}
MR       ++...                  J - +0 pair of boots
Stlth    ..........             w - amulet of the acrobat
HPRegen  0.35/turn              V - ring of Wisdom {*Drain rPois rC+ MR+ Str+10}
MPRegen  0.14/turn              O - +5 ring of evasion

@: acrobat
A: retaliatory headbutt, horns 2
a: Berserk, Trog's Hand, Brothers in Arms, Renounce Religion


You were on level 4 of the Spider Nest.
You worshipped Trog.
Trog was exalted by your worship.
You were not hungry.

You visited 5 branches of the dungeon, and saw 28 of its levels.

You collected 2959 gold pieces.
You spent 225 gold pieces at shops.

Inventory:

Hand Weapons
 m - the +2 battleaxe of Quantum Leap {drain, rElec Int+3 Dex+3 Stlth-}
   (Trog gifted it to you on level 2 of the Orcish Mines)

   A truly terrible weapon, it drains the life of those it strikes.
   It affects your intelligence (+3).
   It affects your dexterity (+3).
   It insulates you from electricity.
   It makes you less stealthy.
 R - a +5 executioner's axe of electrocution (weapon)
 Y - a +3 hand axe of flaming
Armour
 g - a +2 pair of gloves of strength (worn)
 i - a +0 cloak
 u - a scarf of resistance (worn)
 H - the cursed +0 plate armour of Divine Intervention (worn) {rPois Str-4 Int+2}
   (You found it on level 1 of the Spider Nest)

   It affects your strength (-4).
   It affects your intelligence (+2).
   It protects you from poison.
   It has a curse placed upon it.
 J - a +0 pair of boots (worn)
 P - a +0 plate armour
 S - a +2 hat (worn)
Jewellery
 w - an amulet of the acrobat (around neck)
 x - an uncursed ring of ice
 y - the ring "Geumu" {Wiz rPois MR++ Int+4}
   (You found it on level 4 of the Dungeon)

   [ring of wizardry]

   It improves your spell success rate.
   It affects your intelligence (+4).
   It protects you from poison.
   It affects your resistance to hostile enchantments.
 K - an uncursed ring of flight
 O - a +5 ring of evasion (right hand)
 V - the ring of Wisdom (left hand) {*Drain rPois rC+ MR+ Str+10}
   (You found it on level 6 of the Lair of Beasts)

   [ring of poison resistance]

   It affects your strength (+10).
   It protects you from cold.
   It protects you from poison.
   It affects your resistance to hostile enchantments.
   It causes draining when unequipped.
 X - an uncursed ring of positive energy
Wands
 d - a wand of paralysis (27)
 k - a wand of clouds (4)
 r - a wand of random effects (38)
 B - a wand of flame (83)
 D - a wand of digging (13)
 E - a wand of polymorph (17)
 T - a wand of iceblast (11)
 U - a wand of enslavement (21)
 W - a wand of acid (2)
 Z - a wand of disintegration (16)
Scrolls
 a - a scroll of holy word
 b - 2 scrolls of silence
 f - 15 scrolls of remove curse
 p - 6 scrolls of magic mapping
 q - 9 scrolls of blinking
 s - 3 scrolls of identify
 t - 4 scrolls of fog
 v - 11 scrolls of teleportation
 C - 3 scrolls of fear
 I - a scroll of torment {unknown}
 N - 5 scrolls of enchant armour
Potions
 e - 10 potions of curing
 h - a potion of invisibility
 j - 3 potions of haste
 l - 5 potions of brilliance
 n - 4 potions of lignification
 o - 3 potions of cancellation
 z - 8 potions of heal wounds
 A - 3 potions of agility
 F - 2 potions of resistance
 G - 2 potions of ambrosia
 M - 2 potions of might
 Q - 4 potions of mutation
Comestibles
 c - 12 rations


   Skills:
 + Level 17.4 Fighting
 + Level 21.1 Axes
 + Level 17.0 Armour
 + Level 12.5 Dodging
 - Level 0.3 Stealth


You had 15 spell levels left.
You didn't know any spells.
Your spell library was empty.

Dungeon Overview and Level Annotations

Branches:
Dungeon (15/15)            Temple (1/1) D:5            Lair (6/6) D:11
 Shoals (0/4) Lair:4       Spider (4/4) Lair:4        Slime (0/5) Lair:6
    Orc (2/2) D:12            Elf (0/3) Orc:2        Vaults (0/5) D:13
 Depths (0/5) D:15

Altars:
Ashenzari
Dithmenos
Elyvilon
Gozag
Hepliaklqana
Kikubaaqudgha
Makhleb
Nemelex Xobeh
Okawaru
Ru
Sif Muna
Trog
Vehumet
Wu Jian
Xom
Yredelemnul
Zin
The Shining One
Beogh

Shops:
D:7 }   D:9 :   Orc:2 :[((

Annotations:
D:14 2 transporters


Innate Abilities, Weirdness & Mutations

You reflexively headbutt those who attack you in melee.
You have a pair of horns on your head.


Message History

The orb spider weaves a glowing orb of energy.
An orb of destruction comes into view.
Items here: †††† a jumping spider corpse; a redback corpse; a tarantella corpse a demonic crawler corpse The orb spider weaves a glowing orb of energy.
An orb of destruction comes into view.
The orb of destruction hits a stone wall.
The orb spider begins to weave its threads into a brightly glowing ball.
The orb of destruction hits you!!!
The orb spider begins to weave its threads into a brightly glowing ball.
You see here a ration.
The orb spider weaves a glowing orb of energy.
An orb of destruction comes into view.
The orb spider weaves a glowing orb of energy.
An orb of destruction comes into view.
The orb of destruction hits you!!!
* * * LOW HITPOINT WARNING * * *
The orb of destruction hits you!!
You die...

#^.^........# ##..........#
.#..........# ........^..##
##### ..........## ###^^^.#
.........## #####.^....#
.........# #####.s^.......##
........######..^○☼°○.......^#
........#.≈^^^≈.@○○☼s.%^......
^.^.....#.^........†..†..^...≈
#####......^....^≈.^..†.######
..^^###....^.^.^.#####†≈..≈^≈.
..^..^.....####### .^....^..
...^.^....^..^..^≈ ....^.^...
............^..... ........(.^
##^......(^^................^^
.##.......^^.............≈...^


You could see 2 orb spiders.

Vanquished Creatures
  Nikola (Spider:2)
  Asterion (Spider:2)
  Gastronok (Lair:3)
  An emperor scorpion (Spider:2)
  An orc warlord (Orc:1)
  An entropy weaver (Spider:2)
  An ettin (D:15)
  A fire dragon (D:15)
  4 vault guards (D:13)
  5 hydras
  A catoblepas (Lair:5)
  Harold (D:8)
  An ogre mage (D:15)
  7 centaur warriors
  11 death yaks
  9 two-headed ogres
  4 orc high priests (Orc:2)
  Urug (Lair:6)
  Sonja (D:11)
  5 skeletal warriors (D:14)
  An unseen horror (D:15)
  An unseen horror (shapeshifter) (D:15)
  An orc knight (Orc:1)
  Pikel (D:6)
  A lindwurm (shapeshifter) (D:14)
  A lindwurm (Lair:6)
  25 wolf spiders
  An orc sorcerer (Orc:2)
  14 orb spiders
  An ugly thing (D:11)
  2 cyclopes
  2 deep elf magi
  A manticore (D:15)
  2 black mambas (Lair:6)
  12 spiny frogs
  A gargoyle (D:14)
  A spiny frog (shapeshifter) (D:15)
  A torpor snail (Spider:2)
  2 centaur skeletons
  16 demonic crawlers
  A yaktaur (D:15)
  2 kobold demonologists (D:14)
  A rime drake (Lair:5)
  6 komodo dragons
  A tengu conjurer (D:14)
  7 trolls
  4 polar bears
  24 jumping spiders
  Prince Ribbit (D:6)
  3 meliai (D:15)
  7 hornets
  6 slime creatures
  21 blink frogs
  10 hippogriffs
  7 dream sheep (Lair:6)
  12 spriggans (Lair:6)
  A tarantella (shapeshifter) (D:15)
  A water elemental (D:12)
  20 tarantellas
  43 yaks
  63 redbacks
  A hungry ghost (D:13)
  3 wyverns
  3 hogs (D:11)
  A wraith (D:12)
  2 vampires
  7 basilisks
  A human (D:11)
  An acid dragon (D:14)
  A warg (Orc:1)
  15 water moccasins
  5 sky beasts
  3 porcupines
  34 orc warriors
  3 ice beasts
  2 slaves (D:6)
  4 black bears (Lair:6)
  3 phantoms
  An eye of draining (D:12)
  25 wolves
  A necrophage (D:8)
  10 ogres
  3 boggarts (Lair:6)
  26 centaurs
  A big kobold (D:7)
  10 crocodiles
  13 bullfrogs
  A water moccasin zombie (D:7)
  A wyvern zombie (D:10)
  A scorpion (D:7)
  A wyvern skeleton (D:14)
  3 killer bees (D:7)
  3 electric eels
  2 howler monkeys (D:7)
  7 crimson imps
  A bullfrog zombie (D:8)
  5 jellies
  3 centaur zombies
  3 hounds
  2 bullfrog skeletons
  38 orc priests
  Crazy Yiuf (D:7)
  30 orc wizards
  5 iguanas
  6 worker ants
  A hound skeleton (D:7)
  3 worker ant zombies
  Robin (D:3)
  6 gnolls
  3 howler monkey skeletons
  13 adders
  A river rat (D:3)
  3 shadow imps
  2 adder zombies (D:3)
  An adder skeleton (D:9)
  2 worms
  4 dart slugs
  6 leopard geckos
  87 orcs
  8 giant cockroaches
  14 goblins
  19 hobgoblins
  8 jackals
  13 kobolds
  3 quokkas
  4 ball pythons
  5 bats
  3 frilled lizards
  2 leopard gecko skeletons
  2 leopard gecko zombies
  3 quokka skeletons
  A quokka zombie (D:6)
  14 rats
  4 fungi
  2 plants (Lair:4)
916 creatures vanquished.

Vanquished Creatures (collateral kills)
  Rupert (D:13)
  3 hydras (Lair:2)
  A komodo dragon (Lair:2)
  A hippogriff (Lair:2)
  6 yaks (Lair:2)
  A water moccasin (Lair:2)
  A bullfrog (Lair:2)
14 creatures vanquished.

Vanquished Creatures (others)
  2 jumping spiders
  A blink frog (Lair:5)
  A redback (Spider:4)
  An orc wizard (Orc:1)
  12 fungi
  2 plants (Lair:2)
  5 toadstools (D:13)
24 creatures vanquished.

Grand Total: 954 creatures vanquished

Notes
Turn   | Place    | Note
-------+----------+-------------------------------------------
     0 | D:1      | Vire the Minotaur Berserker began the quest for the Orb.
     0 | D:1      | Reached XP level 1. HP: 19/19 MP: 0/0
    87 | D:1      | Reached skill level 4 in Axes
    87 | D:1      | Reached XP level 2. HP: 13/27 MP: 1/1
   839 | D:1      | Reached XP level 3. HP: 33/33 MP: 2/2
  1438 | D:2      | Reached ** piety under Trog
  1583 | D:2      | Reached XP level 4. HP: 40/41 MP: 3/3
  1614 | D:2      | Reached skill level 5 in Axes
  2440 | D:3      | Reached XP level 5. HP: 40/47 MP: 4/4
  2548 | D:3      | Found a burning altar of Makhleb.
  2549 | D:3      | Found a glowing silver altar of Zin.
  2549 | D:3      | Noticed an angel
  2550 | D:3      | Noticed a balrug
  2611 | D:3      | Reached *** piety under Trog
  2616 | D:3      | Found an iron altar of Okawaru.
  2645 | D:3      | Reached skill level 6 in Axes
  3059 | D:3      | Reached skill level 5 in Fighting
  3212 | D:3      | Noticed Robin
  3223 | D:3      | Reached XP level 6. HP: 56/56 MP: 5/5
  3229 | D:3      | Killed Robin
  3281 | D:3      | Found a deep blue altar of Sif Muna.
  3926 | D:4      | Reached **** piety under Trog
  4065 | D:4      | Reached skill level 7 in Axes
  4133 | D:4      | Got a steaming lead ring
  4378 | D:5      | Entered Level 5 of the Dungeon
  4389 | D:5      | Reached XP level 7. HP: 56/61 MP: 6/6
  4391 | D:5      | Found a glowing silver altar of Zin.
  4726 | D:5      | Reached skill level 8 in Axes
  5138 | D:5      | Reached XP level 8. HP: 63/71 MP: 7/7
  5572 | D:5      | Found a staircase to the Ecumenical Temple.
  5711 | Temple   | Entered the Ecumenical Temple
  5998 | D:6      | Found a glowing golden altar of the Shining One.
  6005 | D:6      | Identified the ring "Geumu" {Wiz rPois MR++ Int+4} (You
                  | found it on level 4 of the Dungeon)
  6066 | D:6      | Found a bloodstained altar of Trog.
  6094 | D:6      | Noticed Pikel
  6109 | D:6      | HP: 5/106 [Pikel/+2 whip of flaming (6)]
  6126 | D:5      | Reached skill level 9 in Axes
  6126 | D:5      | Reached skill level 5 in Armour
  6572 | D:6      | Found a sacrificial altar of Ru.
  6684 | D:6      | Found a shattered altar of Ashenzari.
  6844 | D:6      | Noticed Prince Ribbit
  6850 | D:6      | Killed Prince Ribbit
  6946 | D:6      | Killed Pikel
  6946 | D:6      | Reached skill level 10 in Axes
  6946 | D:6      | Reached XP level 9. HP: 81/81 MP: 8/8
  7001 | D:7      | Found a bloodstained altar of Trog.
  7048 | D:7      | Reached skill level 11 in Axes
  7473 | D:7      | Got a pitted ring mail
  7486 | D:7      | Identified the +2 ring mail of a bazaar {+Blink rF- Int+4
                  | SInv} (You found it on level 7 of the Dungeon)
  7561 | D:7      | Found Hyeraite's Gadget Emporium.
  7569 | D:7      | Reached ***** piety under Trog
  7735 | D:7      | Found a runed translucent door.
  7736 | D:7      | Noticed Crazy Yiuf
  7781 | D:7      | Killed Crazy Yiuf
  7821 | D:8      | Found an opulent altar of Gozag.
  7952 | D:8      | Reached skill level 12 in Axes
  7986 | D:8      | Noticed Harold
  8002 | D:8      | Killed Harold
  8002 | D:8      | Reached XP level 10. HP: 71/90 MP: 9/9
  8205 | D:8      | Noticed a two-headed ogre
  8213 | D:8      | Killed a two-headed ogre
  8484 | D:9      | Reached skill level 13 in Axes
  8514 | D:9      | Noticed a two-headed ogre
  8530 | D:9      | Killed a two-headed ogre
  8530 | D:9      | Reached skill level 10 in Fighting
  8908 | D:9      | Found an ancient bone altar of Kikubaaqudgha.
  8908 | D:9      | Found a shimmering altar of Xom.
  9130 | D:9      | Found Mowikask's Book Emporium.
  9284 | D:9      | Noticed a two-headed ogre
  9291 | D:9      | HP: 3/92 [two-headed ogre/+0 giant club (15)]
  9292 | D:9      | Killed a two-headed ogre
  9887 | D:10     | Entered Level 10 of the Dungeon
  9972 | D:10     | Noticed a two-headed ogre
  9980 | D:10     | Killed a two-headed ogre
  9980 | D:10     | Reached skill level 14 in Axes
  9981 | D:10     | Reached XP level 11. HP: 100/100 MP: 10/10
 10740 | D:11     | Reached skill level 10 in Armour
 11106 | D:11     | Noticed Sonja
 11219 | D:11     | Killed Sonja
 11400 | D:11     | Found a staircase to the Lair.
 11601 | D:11     | Found a shattered altar of Ashenzari.
 11675 | D:11     | Noticed a white ugly thing
 11685 | D:11     | Killed a white ugly thing
 11915 | D:12     | Noticed a deep elf mage
 11919 | D:12     | Killed a deep elf mage
 11954 | Lair:1   | Entered Level 1 of the Lair of Beasts
 12042 | Lair:1   | Reached skill level 15 in Axes
 12848 | Lair:2   | Noticed an eight-headed hydra
 12878 | Lair:2   | Killed an eight-headed hydra
 12928 | Lair:2   | Received a gift from Trog
 13468 | Lair:2   | Noticed a five-headed hydra
 13480 | Lair:2   | Killed an eight-headed hydra
 13709 | Lair:2   | Noticed an eight-headed hydra
 13715 | Lair:2   | Killed an eight-headed hydra
 13735 | Lair:2   | Reached XP level 12. HP: 111/111 MP: 11/11
 13736 | Lair:2   | Reached skill level 16 in Axes
 13807 | Lair:2   | Noticed an eight-headed hydra
 13818 | Lair:2   | Killed a 12-headed hydra
 14511 | Lair:3   | Noticed a death yak
 14512 | Lair:3   | Noticed a death yak
 14512 | Lair:3   | Noticed a death yak
 14513 | Lair:3   | Noticed a death yak
 14514 | Lair:3   | Noticed a death yak
 14520 | Lair:3   | Killed a death yak
 14522 | Lair:3   | Killed a death yak
 14524 | Lair:3   | Killed a death yak
 14525 | Lair:3   | Killed a death yak
 14527 | Lair:3   | Killed a death yak
 14613 | Lair:3   | Noticed Gastronok
 14629 | Lair:3   | Killed Gastronok
 14629 | Lair:3   | Reached skill level 17 in Axes
 15674 | Lair:4   | Found a staircase to the Shoals.
 15833 | Lair:4   | Reached XP level 13. HP: 62/121 MP: 12/12
 16386 | Lair:4   | Found a hole to the Spider Nest.
 16390 | Lair:4   | Reached skill level 5 in Dodging
 16537 | Lair:5   | Received a gift from Trog
 16726 | Lair:5   | Reached skill level 18 in Axes
 17086 | Lair:6   | Entered Level 6 of the Lair of Beasts
 17094 | Lair:6   | Noticed Urug
 17102 | Lair:6   | Killed Urug
 17661 | Lair:6   | Reached ****** piety under Trog
 18022 | Lair:6   | Received a gift from Trog
 18135 | Lair:6   | Reached XP level 14. HP: 106/131 MP: 13/13
 18148 | Lair:6   | Reached skill level 19 in Axes
 18599 | Lair:6   | Got a scorched jade ring
 18695 | Lair:6   | Received a gift from Trog
 18840 | Lair:6   | Found a staircase to the Slime Pits.
 18852 | Lair:6   | Found a glowing golden altar of the Shining One.
 19523 | D:12     | Found a staircase to the Orcish Mines.
 19536 | D:12     | Found a roughly hewn altar of Beogh.
 20150 | Orc:1    | Entered Level 1 of the Orcish Mines
 20150 | Orc:1    | Noticed an orc warlord
 20166 | Orc:1    | Killed an orc warlord
 20485 | Orc:1    | Received a gift from Trog
 21103 | Orc:2    | Entered Level 2 of the Orcish Mines
 21340 | Orc:2    | Found a staircase to the Elven Halls.
 21813 | Orc:2    | Reached skill level 15 in Fighting
 22155 | Orc:2    | Found Heequide's Antique Armour Shop.
 22155 | Orc:2    | Found Uwkat's Antique Weapon Boutique.
 22156 | Orc:2    | Found Rurcheoc's Weapon Boutique.
 22160 | Orc:2    | Found Agethuy's Book Shop.
 22165 | Orc:2    | Received a gift from Trog
 22166 | Orc:2    | Got a dazzling battleaxe {god gift}
 22167 | Orc:2    | Identified the +2 battleaxe of Quantum Leap {drain, rElec
                  | Int+3 Dex+3 Stlth-} (Trog gifted it to you on level 2 of
                  | the Orcish Mines)
 22181 | Orc:2    | Bought a pair of embroidered gloves for 225 gold pieces
 22573 | D:13     | Found a gate to the Vaults.
 22857 | D:13     | Noticed Rupert
 22870 | D:13     | Killed Rupert
 23595 | D:14     | Reached XP level 15. HP: 141/141 MP: 14/14
 23598 | D:14     | Reached skill level 15 in Armour
 23803 | D:14     | Identified the ring of Wisdom {*Drain rPois rC+ MR+ Str+10}
                  | (You found it on level 6 of the Lair of Beasts)
 23961 | D:14     | Found a transporter.
 24021 | D:14     | Reached skill level 10 in Dodging
 24197 | D:14     | Reached skill level 20 in Axes
 24220 | D:14     | Found a roughly hewn altar of Beogh.
 24223 | D:14     | Received a gift from Trog
 24347 | D:14     | Found a transporter.
 24773 | D:15     | Entered Level 15 of the Dungeon
 25140 | D:15     | Found a staircase to the Depths.
 25929 | Spider:1 | Entered Level 1 of the Spider Nest
 26157 | Spider:1 | Got a fine plate armour
 26168 | Spider:1 | Identified the cursed +0 plate armour of Divine
                  | Intervention {rPois Str-4 Int+2} (You found it on level 1
                  | of the Spider Nest)
 26874 | Spider:2 | Received a gift from Trog
 27332 | Spider:2 | Noticed Nikola
 27347 | Spider:2 | Killed Nikola
 27347 | Spider:2 | Reached XP level 16. HP: 40/152 MP: 15/15
 28181 | Spider:2 | Noticed Asterion
 28193 | Spider:2 | Killed Asterion
 29242 | Spider:4 | Entered Level 4 of the Spider Nest
 29251 | Spider:4 | Received a gift from Trog
 29409 | Spider:4 | Reached skill level 21 in Axes
 29961 | Spider:4 | Blown up by an orb spider

Vault maps used:
D:1:      kennysheep_arrival_seaside, minmay_misc_feat_ornament
D:3:      minmay_spotlight, grunt_temple_overflow_order_and_chaos_2,
          lemuel_coloured_pillars_altar, okawaru_trees_2, portal_sewer_entry_c,
          serial_undead, serial_undead_f, serial_undead_e, serial_undead_d,
          serial_undead_d, uniq_robin
D:4:      first_ration
D:5:      temple_green, basic_altar
D:6:      lemuel_round_altar, nicolae_overflow_crystal_walls, tso_metal_star,
          kennysheep_little_box, uniq_pikel, uniq_prince_ribbit1
D:7:      serial_shops, shop_fountains, basic_altar,
          hangedman_decor_diamond_cutter, uniq_crazy_yiuf_cottage
D:8:      nicolae_gozag_cash_rules_everything_around_me, serial_glass,
          glass_columns_a, glass_columns_a, uniq_harold
D:9:      gammafunk_temple_overflow_wave, serial_shops, nicolae_shop_stone
D:11:     lair_entry_dummy, grunt_livestock, ashenzari_altar_1, uniq_sonja
D:12:     minmay_orc_entry_temple_small
D:13:     lightli_vaults_fourway_checkpoint, minmay_gold_behind_fungi,
          uniq_rupert
D:14:     gammafunk_cloud_chamber, special_room, minmay_misc_feat_x,
          minmay_misc_feat_plants
D:15:     hangedman_depths_entry_civil_slaughter, minmay_misc_feat_tiny
Temple:   minmay_temple_curvy_loop
Lair:1:   lemuel_fruit_fields, grunt_megastairs_5
Lair:2:   serial_bayou_shore_b
Lair:3:   uniq_gastronok
Lair:4:   minmay_shoals_entry_centaurs, spider_nest_entry_funnel_web
Lair:5:   lemuel_fruit_fields
Lair:6:   minmay_lair_end_enchanted_forest, slime_dummy, basic_altar,
          kennysheep_basilisk_garden, uniq_urug
Spider:2: uniq_nikola, uniq_asterion
Spider:3: drop_trap
Spider:4: grunt_spider_rune_parallel, hive_lemuel
Orc:2:    st_orc_mages

Skill      XL: |  1  2  3  4  5  6  7  8  9 10 11 12 13 14 15 16 |
---------------+-------------------------------------------------+-----
Axes           | 4 5 6 7 8 10 12 14 15 17 18 19 20 21 | 21.1
Fighting       | 4 5 6 7 9 10 12 13 14 15 16 17 | 17.4
Dodging        | 3 4 7 9 11 12 | 12.5
Armour         | 3 4 6 8 9 11 12 13 14 16 17 | 17.0
Stealth        | |  0.3

Action                   |  1- 3 |  4- 6 |  7- 9 | 10-12 | 13-15 | 16-18 || total
-------------------------+-------+-------+-------+-------+-------+-------++-------
Melee: Hand axe          |   106 |   196 |   105 |       |    23 |       ||   430
       Headbutt          |    14 |    33 |    43 |    75 |   187 |    54 ||   406
       War axe           |       |       |    38 |       |       |       ||    38
       Battleaxe         |       |       |    79 |   220 |       |       ||   299
       Executioner's axe |       |       |       |   118 |   756 |   212 ||  1086
Invok: Berserk           |       |     1 |     3 |     7 |    10 |     1 ||    22
       Brothers in Arms  |       |       |       |     3 |     1 |       ||     4
       Trog's Hand       |       |       |       |     1 |     1 |       ||     2
Evoke: Wand              |       |       |       |     4 |       |       ||     4
  Use: Scroll            |     3 |     7 |    13 |     6 |     9 |       ||    38
       Potion            |       |       |     1 |       |     3 |       ||     4
 Stab: Sleeping          |     1 |       |       |       |       |       ||     1
       Paralysed         |       |       |       |     1 |       |       ||     1
       Distracted        |       |       |       |       |     1 |       ||     1
  Eat: Ration            |     1 |     2 |     4 |     7 |    12 |     3 ||    29
       Chunk             |       |     2 |     2 |     8 |     7 |     2 ||    21
Armor: Animal skin       |    18 |    21 |       |       |       |       ||    39
       Ring mail         |       |    13 |       |       |       |       ||    13
       Scale mail        |       |    10 |    63 |       |       |       ||    73
       Chain mail        |       |       |    23 |   136 |       |       ||   159
       Plate armour      |       |       |       |    38 |   410 |   109 ||   557
Dodge: Dodged            |    62 |   116 |   128 |   229 |   925 |   288 ||  1748

Table legend:
 A = Non-vault XP
 B = Vault XP
 C = Vault XP percentage of total XP
 D = Non-vault monster count
 E = Vault monster count
 F = Vault count percentage of total count
                 A         B        C        D         E       F
            +---------+---------+-------+---------+---------+-------
      Total |  147187 |   50411 |  25.5 |     722 |     203 |  21.9
            +---------+---------+-------+---------+---------+-------
        D:1 |      44 |       0 |   0.0 |      24 |       0 |   0.0
        D:2 |      77 |       0 |   0.0 |      33 |       0 |   0.0
        D:3 |     123 |     166 |  57.4 |      18 |      33 |  64.7
        D:4 |     282 |       0 |   0.0 |      19 |       0 |   0.0
        D:5 |     847 |       0 |   0.0 |      18 |       0 |   0.0
        D:6 |     360 |     942 |  72.4 |      13 |       2 |  13.3
        D:7 |    1168 |      40 |   3.3 |      36 |       1 |   2.7
        D:8 |    1773 |     944 |  34.7 |      14 |       1 |   6.7
        D:9 |    2962 |       0 |   0.0 |      22 |       0 |   0.0
       D:10 |    1738 |       0 |   0.0 |      11 |       0 |   0.0
       D:11 |    1554 |    1785 |  53.5 |      11 |       6 |  35.3
       D:12 |    2035 |     128 |   5.9 |      19 |       5 |  20.8
       D:13 |    2919 |    9098 |  75.7 |      25 |      12 |  32.4
       D:14 |   16749 |     607 |   3.5 |      50 |      16 |  24.2
       D:15 |   11127 |    4862 |  30.4 |      27 |       6 |  18.2
     Lair:1 |    1467 |     836 |  36.3 |       8 |       5 |  38.5
     Lair:2 |    6529 |       0 |   0.0 |      28 |       0 |   0.0
     Lair:3 |    9346 |    2099 |  18.3 |      30 |       1 |   3.2
     Lair:4 |    3967 |    1386 |  25.9 |      20 |       6 |  23.1
     Lair:5 |    4931 |       0 |   0.0 |      16 |       0 |   0.0
     Lair:6 |   19692 |    8899 |  31.1 |      57 |      48 |  45.7
   Spider:1 |   10989 |       0 |   0.0 |      36 |       0 |   0.0
   Spider:2 |   20952 |    6389 |  23.4 |      58 |       2 |   3.3
   Spider:3 |    6759 |       0 |   0.0 |      20 |       0 |   0.0
   Spider:4 |   10908 |    6533 |  37.5 |      33 |      20 |  37.7
      Orc:1 |    5890 |       0 |   0.0 |      53 |       0 |   0.0
      Orc:2 |    1999 |    5697 |  74.0 |      23 |      39 |  62.9
            +---------+---------+-------+---------+---------+-------
